 Dungeon Crawl Stone Soup version 0.27-a0-1185-ga233589e6f (webtiles) character file.

Game seed: 9867974311066703778

8762 kirikocho the Spear-Bearer (level 11, -4/67 HPs)
             Began as an Octopode Chaos Knight on May 19, 2021.
             Was a Plaything of Xom.
             Slain by an ice devil (22 damage)
             ... in an ice cave.
             The game lasted 00:18:53 (10882 turns).

kirikocho the Spear-Bearer (Octopode Chaos Knight) Turns: 10882, Time: 00:18:54

Health: -4/67      AC:  9    Str: 18    XL:     11   Next: 35%
Magic:  14/16      EV: 15    Int: 15    God:    Xom [...*..]
Gold:   493        SH:  7    Dex: 12    Spells: 5/19 levels left

rFire    . . .     SeeInvis .   P - +5 spear (chaos)
rCold    . . .     Faith    .   A - +2 buckler {AC+3}
rNeg     . . .     Spirit   .   (helmet restricted)
rPois    +         Reflect  .   (no amulet)
rElec    .         Harm     .   g - +4 ring of protection
rCorr    .         Rampage  .   N - ring of poison resistance
Will     .....     Clarity  +   (no ring) Stlth ++........Rnd*Tele +
                                (no ring)
HPRegen  0.21/turn              (no ring)
MPRegen  0.15/turn              (no ring)
                                (no ring)
                                (no ring)

@: unable to read
A: almost no armour, amphibious, 8 rings, camouflage 1, gelatinous body 1,
(nimble swimmer 1), tentacles, tentacle spike 2, clarity, frail 1, low mp 1,
passive freeze, poison resistance, shaggy fur 1, strong 2, teleportitis 1,
evolution 1, inability to read while threatened
a: Renounce Religion


You were in an ice cave.
You worshipped Xom.
You were a favourite toy of Xom.
You visited 1 branch of the dungeon, and saw 11 of its levels.
You also visited: Ice Cave.

You collected 583 gold pieces.
You spent 90 gold pieces at shops.

Inventory:

Hand Weapons
 a - a +0 spear of chaos
 b - a +0 long sword of holy wrath
 d - a +2 rapier of flaming
 s - a +2 scythe of protection
 t - a +0 war axe
 u - a +2 dagger of venom
 v - a +1 trident
 w - a +4 quarterstaff of chaos
 H - a +0 war axe
 P - a +5 spear of chaos (weapon)
Missiles
 B - 11 silver boomerangs
 G - 10 boomerangs
 K - a curare-tipped dart (quivered)
 L - 13 poisoned darts
Armour
 y - a +0 buckler
 A - a +2 buckler of protection (worn)
Magical Staves
 z - a staff of air
 C - a staff of death
Jewellery
 g - a +4 ring of protection (left tentacle)
 i - a ring of flight
 N - a ring of poison resistance (right tentacle)
Wands
 x - a wand of flame (3)
 F - a wand of paralysis (7)
 O - a wand of polymorph (2)
Scrolls
 f - a scroll of fog {unknown}
 k - 2 scrolls of enchant weapon
 l - a scroll of amnesia
 o - 3 scrolls of immolation
 D - a scroll of silence
 E - a scroll of teleportation {@r3}
 M - a scroll of noise {unknown}
 Q - a scroll of vulnerability {unknown}
 S - a scroll of fear {unknown}
Potions
 c - 3 potions of heal wounds {@q2}
 e - 3 potions of degeneration
 h - a potion of might {@q3}
 j - 2 potions of berserk rage
 m - 3 potions of invisibility {unknown}
 n - 2 potions of flight
 p - 2 potions of curing {@q1}
 q - a potion of haste {@q4}
 r - 3 potions of lignification {unknown}
 I - a potion of attraction {unknown}
 J - a potion of brilliance {unknown}
Miscellaneous
 R - a lightning rod (4/4)


   Skills:
 - Level 7.0 Fighting
 * Level 8.6 Polearms
 + Level 6.8 Dodging
 - Level 4.0 Shields
 + Level 4.5 Spellcasting
 - Level 6.7 Summonings
 - Level 6.0 Ice Magic
 - Level 6.0 Evocations


You had 5 spell levels left.
You knew the following spells:

 Your Spells              Type           Power      Damage    Failure   Level
a - Call Canine Familiar  Summ           23%        N/A       3%          3
b - Summon Ice Beast      Ice/Summ       22%        N/A       13%         4
c - Summon Guardian Gole  Hex/Summ       13%        N/A       13%         3
d - Summon Lightning Spi  Summ/Air       13%        N/A       41%         4

Your spell library contained the following spells:

 Spells                   Type           Power      Damage    Failure   Level
 Summon Small Mammal      Summ           92%        N/A       1%          1
 Call Imp                 Summ           23%        N/A       1%          2
 Foxfire                  Conj/Fire      12%        2x1d4     17%         1
 Conjure Flame            Conj/Fire      3%         6-21      45%         3
 Inner Flame              Hex/Fire       3%         N/A       45%         3
 Sticky Flame             Conj/Fire      3%         2d3       86%         4
 Fireball                 Conj/Fire      1%         3d3       99%         5


Dungeon Overview and Level Annotations

Branches:
Dungeon (11/15)            Temple (0/1) D:5            Lair (0/6) D:11
  IceCv (1/1)
    Orc: D:9-12

Altars:
Ashenzari
Dithmenos
Fedhas
Nemelex Xobeh
Ru
Sif Muna
Vehumet
Wu Jian
Xom
Zin
The Shining One

Shops:
D:9 [   D:10 (

Annotations:
D:9 2 runed translucent doors, Bapho's ghost, journeyman GrBe
D:11 1 runed translucent door, Wimumef's ghost, journeyman DECj


Innate Abilities, Weirdness & Mutations

You cannot wear most types of armour.
You are amphibious.
You can wear up to eight rings at the same time.
Your skin changes colour to match your surroundings (Stealth+).
Your rubbery body absorbs attacks. (AC +1, EV +1)
((You are camouflaged near water. (Stealth+)))
You have tentacles for arms and can constrict up to eight enemies at once.
One of your tentacles bears a nasty spike.
You possess an exceptional clarity of mind.
You are frail. (-10% HP)
Your magical capacity is low. (-10% MP)
A frigid envelope surrounds you and freezes all who hurt you.
Your system is resistant to poisons. (rPois)
You are covered in fur. (AC +1)
Your muscles are very strong. (Str +4)
You are occasionally teleported next to monsters.
You evolve.
You sometimes lose the ability to read scrolls when taking damage.


Message History

Found 2 smoky coppery potions.
Found a runed translucent door.
Found a scroll labelled BAFIGH PUUFRIE.
Wimumef's ghost says, "What's the hurry?
You'll die anyway."
S - a scroll labelled BAFIGH PUUFRIE
There are no items here.
There is a frozen archway here.
The world spins around you as you enter the gateway.
You enter an ice cave!
Found an ice covered gate leading back out of this place.
There is an ice choked empty arch of ancient stone here.
There is an ice covered gate leading back out of this place here.
An ice devil comes into view.
Xom grants you insight.
You detect items!
Casting: Call Canine Familiar (dangerous; 3% risk of failure)
Your hound completely misses the ice devil.
You reach to attack!
You hit the ice devil.
You reach to attack!
You hit the ice devil.
Your hound bites the ice devil but does no damage.
The ice devil hits your hound. The ice devil freezes your hound!
Your hound dies!
Your hound's corpse disappears in a puff of smoke!
You reach to attack!
You closely miss the ice devil. You hit the ice devil but do no damage.
The ice devil seems to grow stronger.
You grab the ice devil.
You pierce the ice devil, but do no damage.
You squeeze the ice devil. You constrict the ice devil.
You hit the ice devil but do no damage.
The ice devil is poisoned.
You constrict the ice devil. The ice devil hits you!
The ice devil freezes you!!
You feel threatened and lose the ability to read scrolls!
The ice devil completely resists.
You are too injured to fight recklessly!
You are too injured to fight recklessly!
You hit the ice devil.
You pierce the ice devil.
You squeeze the ice devil. You constrict the ice devil. The ice devil hits you!
* * * LOW HITPOINT WARNING * * *
The ice devil freezes you!!
You die...
Xom snickers!

...## ..... ......
......∆ ####
......# ######..##
.......##..##.§..##
..................#
⌠..........4@.§∩..#
.........##.......#
.......######....##
......# ##..##
......∆ #### ......
..... ...##


You could see an ice devil (strong, very poisoned).

Vanquished Creatures
  2 boulder beetles (D:11)
  An ugly thing (D:9)
  A komodo dragon (D:6)
  A rime drake (D:11)
  Grinder (D:4)
  A wyvern (D:6)
  8 yaks
  Sigmund (D:3)
  A hog (shapeshifter) (D:4)
  3 acid dragons
  A water moccasin (D:5)
  4 orc warriors
  A hornet zombie (D:6)
  A necrophage (D:7)
  2 sky beasts
  2 ogres
  2 black bears
  A centaur (D:6)
  2 lemures (D:6)
  2 phantoms
  2 kobold brigands
  3 bullfrogs
  3 scorpions
  A wyvern zombie (D:6)
  2 wyvern skeletons (D:5)
  4 killer bees
  8 wights
  A bullfrog zombie (D:5)
  2 centaur zombies
  3 orc priests
  Crazy Yiuf (D:3)
  A bullfrog skeleton (D:5)
  4 hounds
  Natasha (D:3)
  3 iguanas
  5 orc wizards
  2 killer bee zombies
  A howler monkey zombie (D:8)
  8 gnolls
  5 adders
  2 shadow imps
  A white imp (D:6)
  3 ufetubi
  2 worms (D:2)
  2 dart slugs
  40 orcs
  A ball python (D:2)
  9 endoplasms
  A giant cockroach (D:3)
  8 goblins
  6 hobgoblins
  14 jackals
  8 kobolds
  2 quokkas
  7 bats
  5 rats
209 creatures vanquished.

Vanquished Creatures (collateral kills)
  Pikel (D:6)
  6 yaks
  An ogre (D:7)
  A lemure (D:6)
  A centaur (D:7)
  A phantom (D:5)
  A killer bee (D:7)
  A centaur skeleton (D:7)
  An orc wizard (D:8)
  3 orcs (D:8)
  3 kobolds (D:8)
20 creatures vanquished.

Vanquished Creatures (others)
  6 plants (D:9)
6 creatures vanquished.

Grand Total: 235 creatures vanquished

Notes
Turn   | Place    | Note
-------+----------+-------------------------------------------
     0 | D:1      | kirikocho the Octopode Chaos Knight began the quest for the
                  | Orb.
     0 | D:1      | Reached XP level 1. HP: 16/16 MP: 1/1
     7 | D:1      | XOM: silly message
    14 | D:1      | XOM: potion effect (haste)
   129 | D:1      | Reached XP level 2. HP: 21/21 MP: 2/2
   632 | D:1      | XOM: silly message
  1028 | D:2      | Found a broken altar of Ashenzari.
  1035 | D:2      | Reached XP level 3. HP: 27/27 MP: 3/3
  1066 | D:2      | Found a faded altar of an unknown god.
  1519 | D:2      | XOM: divination: detect creatures
  1528 | D:2      | XOM: silly message
  1538 | D:2      | XOM: divination: magic mapping
  1730 | D:2      | Reached XP level 4. HP: 34/34 MP: 4/4
  1747 | D:2      | XOM: cloud trail
  1823 | D:2      | XOM: 1-stop teleportation journey
  2040 | D:2      | XOM: silly message
  2088 | D:2      | XOM: divination: magic mapping
  2279 | D:3      | You fall into a shaft and drop 1 floor!
  2297 | D:4      | Found a glowing silver altar of Zin.
  2298 | D:4      | Found Zin's Purification Station.
  2380 | D:4      | Found a faded altar of an unknown god.
  2380 | D:4      | Found a sparkling altar of Nemelex Xobeh.
  2387 | D:4      | Found a faded altar of an unknown god.
  2389 | D:4      | Found an ornate altar of the Wu Jian Council.
  2390 | D:4      | Found a sacrificial altar of Ru.
  2450 | D:4      | Reached XP level 5. HP: 33/38 MP: 5/5
  2527 | D:4      | Noticed Grinder
  2642 | D:3      | Reached skill level 5 in Fighting
  2913 | D:3      | Noticed Sigmund
  2971 | D:4      | Noticed a shapeshifter
  2971 | D:4      | an adder changed into a shapeshifter
  2971 | D:4      | XOM: divination: detect items
  2971 | D:4      | Noticed a blink frog
  2971 | D:4      | a shapeshifter changed into a blink frog
  3061 | D:4      | XOM: silly message
  3091 | D:4      | Bought a potion of curing for 90 gold pieces
  3233 | D:3      | Noticed Natasha
  3254 | D:3      | Killed Natasha
  3333 | D:3      | XOM: 4-stop teleportation journey
  3431 | D:3      | XOM: scenery: 3 doors close
  3438 | D:3      | Killed Sigmund
  3439 | D:3      | Reached XP level 6. HP: 28/46 MP: 6/6
  3709 | D:3      | XOM: scenery: 4 doors close
  3775 | D:3      | XOM: scenery: create altars
  3806 | D:3      | Found a runed translucent door.
  3807 | D:3      | Noticed Crazy Yiuf
  3815 | D:3      | Killed Crazy Yiuf
  4064 | D:5      | Entered Level 5 of the Dungeon
  4151 | D:5      | XOM: snakes to sticks
  4157 | D:5      | XOM: potion effect (might)
  4160 | D:5      | XOM: confusion (+ monsters)
  4175 | D:5      | Reached XP level 7. HP: 52/52 MP: 7/7
  4207 | D:5      | XOM: cleaving
  4313 | D:5      | Reached skill level 4 in Polearms
  4324 | D:5      | Found a staircase to the Ecumenical Temple.
  4335 | D:5      | XOM: summons 4 friendly demons
  4349 | D:5      | Reached skill level 1 in Shields
  4349 | D:5      | Reached skill level 1 in Evocations
  4465 | D:5      | XOM: 4-stop teleportation journey
  4536 | D:5      | XOM: god gift: +2 buckler of protection
  4663 | D:5      | XOM: divination: detect items
  4701 | D:5      | XOM: potion effect (curing)
  4754 | D:5      | Reached XP level 8. HP: 38/58 MP: 8/8
  4767 | D:5      | XOM: 1-stop teleportation journey
  5109 | D:5      | XOM: god gift: staff of death
  5115 | D:5      | XOM: give mutations
  5115 | D:5      | Gained mutation: You are strong-willed. (Will+) [Xom's
                  | grace]
  5115 | D:5      | Gained mutation: You are partially covered in iridescent
                  | scales. (AC +2) [Xom's grace]
  5115 | D:5      | Gained mutation: Your muscles are strong. (Str +2) [Xom's
                  | grace]
  5115 | D:5      | Gained mutation: Your system is resistant to poisons.
                  | (rPois) [Xom's grace]
  5199 | D:5      | XOM: scenery: summon butterflies
  5399 | D:5      | XOM: give mutations
  5399 | D:5      | Gained mutation: You expend magic power (3 MP) to
                  | strengthen your wands. [Xom's grace]
  5399 | D:5      | Gained mutation: You evolve. [Xom's grace]
  5595 | D:5      | Learned a level 3 spell: Call Canine Familiar
  5669 | D:6      | XOM: 2-stop teleportation journey
  5728 | D:6      | Reached skill level 1 in Summonings
  5742 | D:6      | XOM: scenery: create altars
  5745 | D:6      | XOM: destruction
  5884 | D:6      | Noticed Pikel
  5897 | D:6      | XOM: cleaving
  5983 | D:6      | XOM: potion effect (invisibility)
  5985 | D:6      | XOM: cast spell 'Summon Horrible Things'
  5990 | D:6      | Killed Pikel
  5991 | D:6      | Reached skill level 1 in Spellcasting
  5991 | D:6      | Reached skill level 5 in Evocations
  5991 | D:6      | Reached XP level 9. HP: 62/64 MP: 7/11
  6088 | D:6      | XOM: destruction
  6451 | D:6      | XOM: give mutations
  6451 | D:6      | Gained mutation: You are occasionally teleported next to
                  | monsters. [Xom's mischief]
  6451 | D:6      | Gained mutation: You are frail. (-10% HP) [Xom's mischief]
  6451 | D:6      | Lost mutation: You expend magic power (3 MP) to strengthen
                  | your wands. [Xom's mischief]
  6571 | D:6      | XOM: summons 1 hostile demon
  6977 | D:6      | Found a radiant altar of Vehumet.
  6996 | D:6      | XOM: noise
  7130 | D:6      | Found a shadowy altar of Dithmenos.
  7231 | D:6      | Noticed a komodo dragon
  7233 | D:6      | XOM: enchant monster (bad)
  7241 | D:6      | Killed a komodo dragon
  7242 | D:6      | Reached skill level 5 in Summonings
  7297 | D:6      | XOM: stat loss: -1 Str (14/15)
  7308 | D:6      | Learned a level 4 spell: Summon Ice Beast
  7312 | D:6      | Learned a level 3 spell: Summon Guardian Golem
  7317 | D:6      | Learned a level 4 spell: Summon Lightning Spire
  7369 | D:6      | Reached skill level 1 in Ice Magic
  7398 | D:6      | XOM: give mutations
  7398 | D:6      | Gained mutation: You are partially covered in large bone
                  | plates. (SH +4) [Xom's grace]
  7398 | D:6      | Gained mutation: You are covered in fur. (AC +1) [Xom's
                  | grace]
  7398 | D:6      | Gained mutation: A frigid envelope surrounds you and
                  | freezes all who hurt you. [Xom's grace]
  7405 | D:6      | XOM: give mutations
  7405 | D:6      | Gained mutation: You sometimes lose the ability to read
                  | scrolls when taking damage. [Xom's mischief]
  7405 | D:6      | Lost mutation: You are partially covered in iridescent
                  | scales. (AC +2) [Xom's mischief]
  7531 | D:7      | Found a blossoming altar of Fedhas.
  7535 | D:7      | XOM: 2-stop teleportation journey
  7539 | D:7      | Found a broken altar of Ashenzari.
  7582 | D:6      | XOM: polymorph yak -> wyvern
  7617 | D:6      | XOM: give mutations
  7617 | D:6      | Lost mutation: You are strong-willed. (Will+) [Xom's
                  | mischief]
  7617 | D:6      | Gained mutation: Your magical capacity is low. (-10% MP)
                  | [Xom's mischief]
  7617 | D:6      | Gained mutation: Your muscles are very strong. (Str +4)
                  | [Xom's mischief]
  7762 | D:7      | XOM: cast spell 'Summon Dragon'
  7765 | D:7      | Reached XP level 10. HP: 57/63 MP: 11/14
  7817 | D:7      | Reached skill level 5 in Polearms
  7826 | D:7      | XOM: silly message
  7913 | D:7      | XOM: give mutation
  7913 | D:7      | Lost mutation: You are partially covered in large bone
                  | plates. (SH +4) [Xom's mischief]
  8279 | D:8      | Reached skill level 6 in Polearms
  8303 | D:8      | XOM: chaos upgrade
  8312 | D:8      | Reached skill level 5 in Dodging
  8317 | D:8      | XOM: noise
  8916 | D:8      | XOM: cleaving
  8996 | D:8      | XOM: chaos upgrade
  9010 | D:8      | XOM: give mutations
  9010 | D:8      | Gained mutation: You possess an exceptional clarity of
                  | mind. [Xom's grace]
  9010 | D:8      | Gained mutation: One of your tentacles bears a spike.
                  | [Xom's grace]
  9078 | D:8      | Reached skill level 7 in Polearms
  9186 | D:8      | XOM: enchant monster (good)
  9201 | D:8      | Found a shimmering blue altar of Sif Muna.
  9379 | D:9      | Found a glowing golden altar of the Shining One.
  9382 | D:9      | Noticed a white ugly thing
  9394 | D:9      | Killed a white ugly thing
  9405 | D:9      | XOM: enchant monster (good)
  9717 | D:9      | Identified the +0 robe of Vahelly {*Corrode rElec Dex+2
                  | SInv}
  9733 | D:9      | Found a runed translucent gate.
  9734 | D:9      | Found a runed translucent gate.
  9735 | D:9      | Found a runed translucent gate.
  9735 | D:9      | Noticed an 11-headed hydra
  9735 | D:9      | Found Duxyo's Armour Shop.
  9735 | D:9      | XOM: 4-stop teleportation journey
  9752 | D:9      | XOM: divination: detect creatures
  9863 | D:9      | XOM: scenery: create altars
  9881 | D:9      | Reached skill level 5 in Ice Magic
  9924 | D:9      | Noticed Bapho's ghost (journeyman GrBe)
  9925 | D:9      | Noticed a ten-headed hydra
  9943 | D:9      | Reached XP level 11. HP: 42/67 MP: 15/15
 10025 | D:9      | XOM: scenery: 2 doors open
 10038 | D:10     | Entered Level 10 of the Dungeon
 10049 | D:9      | XOM: fake destruction
 10060 | D:9      | XOM: scenery: summon butterflies
 10063 | D:9      | XOM: swap monsters
 10073 | D:9      | XOM: cast spell 'Dispersal'
 10289 | D:4      | Reached skill level 8 in Polearms
 10382 | D:4      | XOM: fog
 10467 | D:4      | Paralysed by Grinder for 4 turns
 10479 | D:4      | XOM: noise
 10484 | D:4      | Killed Grinder
 10484 | D:4      | Gained mutation: One of your tentacles bears a nasty spike.
                  | [evolution]
 10737 | D:10     | XOM: cast spell 'Cause Fear'
 10741 | D:10     | Found Jeoliuji's Antique Weapon Emporium.
 10745 | D:10     | Noticed a sixfirhy
 10745 | D:10     | XOM: cast spell 'Summon Mana Viper'
 10747 | D:10     | Noticed a sun demon
 10748 | D:11     | Noticed a boulder beetle
 10762 | D:11     | Killed a boulder beetle
 10786 | D:11     | Noticed a boulder beetle
 10788 | D:11     | Found a staircase to the Lair.
 10807 | D:11     | Killed a boulder beetle
 10822 | D:11     | Found a frozen archway.
 10841 | D:11     | Found a runed translucent door.
 10841 | D:11     | Noticed Wimumef's ghost (journeyman DECj)
 10859 | IceCv    | Entered an ice cave
 10872 | IceCv    | XOM: divination: detect items
 10882 | IceCv    | Slain by an ice devil

Illustrated notes

Levels and vault maps discovered:
D:1:      amcnicky_arrival_single_pillar, layout_loops_ring
D:2:      layout_basic, chequers_ecumenical_altar_simple_redux, basic_altar,
          minivault_25
D:3:      layout_basic, wad_orctagon, uniq_sigmund, uniq_crazy_yiuf_cottage,
          uniq_natasha
D:4:      layout_rooms, zin_purify, chequers_temple_overflow_minitemple,
          uniq_grinder
D:5:      layout_loops_ring, minmay_temple_entry_arrows, serial_undead,
          serial_undead_e, serial_undead_b, serial_undead_c, serial_undead_e,
          kennysheep_generic_room_8
D:6:      minmay_opposing_rooms, layout_basic, nicolae_overflow_hidden_temple,
          lemuel_doored_altar, sigmund_army, uniq_pikel
D:7:      layout_rooms, nicolae_ashenzari_skybound, fedhas_ov_isle_minmay
D:8:      layout_loops_ring, kennysheep_little_box
D:9:      layout_rooms, amcnicky_altar_gilded, gammafunk_ghost_hydra_chop,
          serial_shops, shop_fountains
D:10:     layout_cave_pools, amethyst_overflow_temple_binary, zombieorc2_lemuel,
          serial_shops, shop_fountains
D:11:     layout_layer_cave, lair_entry_dummy, hellmonk_ghost_happy_afterlife,
          portal_ice_cave_rime
IceCv:    ice_cave_tombish

Skill      XL: |  1  2  3  4  5  6  7  8  9 10 11 |
---------------+----------------------------------+-----
Fighting       | 4 6 7 |  7.0
Dodging        | 3 4 6 |  6.8
Polearms       | 4 7 8 |  8.6
Shields        | 2 4 |  4.0
Evocations     | 2 5 6 |  6.0
Summonings     | 3 6 |  6.7
Spellcasting   | 1 4 |  4.5
Ice Magic      | 3 5 6 |  6.0

Action                   |  1- 3 |  4- 6 |  7- 9 | 10-12 || total
-------------------------+-------+-------+-------+-------++-------
Melee: Spear             |   102 |   101 |   247 |   267 ||   717
       Tentacles         |    15 |    21 |    52 |    53 ||   141
       Constrict         |    18 |    27 |    43 |    31 ||   119
       Quarterstaff      |       |    18 |    15 |       ||    33
       Scythe            |       |     7 |       |       ||     7
       Dagger            |       |     6 |       |       ||     6
       Kick              |       |       |       |    58 ||    58
Throw: Boomerang         |       |       |     2 |     1 ||     3
       Dart              |       |       |       |     1 ||     1
 Cast: Call Canine Famil |       |       |     5 |    15 ||    20
Evoke: Wand              |       |       |    18 |    10 ||    28
  Use: Scroll            |       |     1 |     6 |     3 ||    10
       Potion            |       |     1 |     2 |       ||     3
 Stab: Sleeping          |     8 |     5 |     8 |     5 ||    26
       Distracted        |     1 |       |     1 |     5 ||     7
       Invisible         |       |       |     1 |       ||     1
       Petrifying        |       |       |     1 |       ||     1
       Confused          |       |       |     1 |       ||     1
       Paralysed         |       |       |       |    23 ||    23
Armor: Skin              |     6 |    32 |    48 |    26 ||   112
Dodge: Dodged            |    35 |    86 |   119 |    75 ||   315
Block: Buckler           |       |       |    58 |    32 ||    90

Table legend: (Time is in decaauts)
 A = Elapsed time spent in this place.
 B = Non-inter-level travel time spent in this place.
 C = Inter-level travel time spent in this place.
 D = Time resting spent in this place.
 E = Time spent auto-exploring this place.
 F = Levels seen in this place.
 G = Mean time per level.
                   A        B        C        D        E       F      G
               +--------+--------+--------+--------+--------+-----+--------+
         Total |  10785 |  10290 |    495 |   1892 |   6287 |  12 |  898.8 |
       Dungeon |  10764 |  10269 |    495 |   1892 |   6287 |  11 |  978.5 |
      Ice Cave |     21 |     21 |      0 |      0 |      0 |   1 |   21.0 |
               +--------+--------+--------+--------+--------+-----+--------+

Top non-repeatable levels by time:
     D:6: 2092 daAuts
     D:5: 1576 daAuts
     D:3: 1460 daAuts
     D:8: 1182 daAuts
     D:2: 1154 daAuts
     D:1: 1009 daAuts
     D:4: 874 daAuts
     D:9: 697 daAuts
     D:7: 592 daAuts
    D:11: 99 daAuts
    D:10: 25 daAuts
   IceCv: 21 daAuts
